 Dungeon Crawl Stone Soup version 0.30-a0-779-g7971cf19c3 (webtiles) character file.

Game seed: 7274180922086882544

640 PLAYERX the Nimble (level 7, -9/53 HPs)
             Began as a Gnoll Wanderer on Feb 16, 2023.
             Mangled by Edmund
             ... wielding a +1 heavy flail
              (12 damage)
             ... on level 5 of the Dungeon on Feb 17, 2023.
             The game lasted 00:37:00 (5281 turns).

PLAYERX the Nimble (Gnoll Wanderer)                 Turns: 5281, Time: 00:37:00

Health: -9/53      AC:  9    Str: 10    XL:     7   Next: 51%
Magic:  0/10       EV: 15    Int: 11    God:
Gold:   122        SH:  0    Dex: 15    Spells: 11/11 levels left

rFire   + . .      SeeInvis .    a - +2 trident
rCold   . . .      Faith    .    (no shield)
rNeg    . . .      Spirit   +    b - +0 ring mail
rPois   +          Reflect  .    (no helmet)
rElec   .          Harm     .    (no cloak)
rCorr   .          Rampage  .    i - +1 pair of gloves
Will    .....                    p - +0 pair of boots
Stlth   ++                       g - amulet of guardian spirit
HPRegen 0.28/turn                l - ring of poison resistance
MPRegen 0.12/turn                n - ring of protection from fire

@: attractive, flying, hasted, very quick
A: fangs 1, strong nose, distributed training
a: no special abilities


You were on level 5 of the Dungeon.
You visited 1 branch of the dungeon, and saw 5 of its levels.

You collected 122 gold pieces.

Inventory:

Hand Weapons
 a - a +2 trident (weapon)
Armour
 b - a +0 ring mail (worn)
 i - a +1 pair of gloves (worn)
 p - a +0 pair of boots (worn)
Jewellery
 g - an amulet of guardian spirit (around neck)
 l - a ring of poison resistance (left hand)
 n - a ring of protection from fire (right hand)
 w - a ring of positive energy
 A - a ring of ice
Scrolls
 j - 4 scrolls of identify
 m - 2 scrolls of magic mapping
 q - a scroll of fog
Potions
 c - a potion of degeneration {unknown}
 h - a potion of brilliance {unknown}


   Skills:
 + Level 3.7 Fighting
 + Level 2.6 Short Blades
 + Level 2.6 Long Blades
 + Level 2.6 Axes
 + Level 2.6 Maces & Flails
 + Level 2.6 Polearms
 + Level 5.3 Staves
 + Level 2.6 Ranged Weapons
 + Level 2.6 Throwing
 + Level 3.7 Armour
 + Level 10.8 Dodging
 + Level 2.6 Stealth
 + Level 2.6 Shields
 + Level 2.6 Unarmed Combat
 + Level 2.6 Spellcasting
 + Level 2.1 Conjurations
 + Level 2.1 Hexes
 + Level 2.1 Summonings
 + Level 2.1 Necromancy
 + Level 2.1 Translocations
 + Level 2.1 Transmutations
 + Level 2.1 Fire Magic
 + Level 2.1 Ice Magic
 + Level 2.1 Air Magic
 + Level 2.1 Earth Magic
 + Level 2.1 Poison Magic
 + Level 2.9 Invocations
 + Level 3.7 Evocations


You had 11 spell levels left.
You didn't know any spells.
Your spell library contained the following spells:

 Spells                   Type           Power      Damage    Failure   Level
 Shock                    Conj/Air       24%        1d4       28%         1
 Static Discharge         Conj/Air       12%        2-3/arc   38%         2
 Swiftness                Air            6%         N/A       63%         3
 Vhi's Electric Charge    Tloc/Air       12%        N/A       63%         3
 Airstrike                Air            3%         2d(1-17)  95%         4
 Arcjolt                  Conj/Air       3%         1d13      100%        5
 Lightning Bolt           Conj/Air       3%         1d14      100%        5


Dungeon Overview and Level Annotations

Branches:
Dungeon (5/15)
 Temple: D:4-7

Altars:
Gozag
Makhleb
Uskayaw
Vehumet
Wu Jian

Shops:
D:1 ?

Annotations:
D:5 Edmund


Innate Abilities, Weirdness & Mutations

You have very sharp teeth.
Your uncanny sense of smell can sniff out nearby items.
Your experience applies equally to all skills.


Message History

You hit Edmund. You bite Edmund.
Edmund is almost dead.
Edmund completely misses you.
You hit Edmund.
Edmund is almost dead.
You closely miss Edmund.
Edmund is almost dead.
Edmund hits you with a +1 heavy flail!
You closely miss Edmund.
Edmund is almost dead.
Edmund hits you with a +1 heavy flail!
* * * LOW HITPOINT WARNING * * *
You barely miss Edmund.
Edmund is almost dead.
Edmund hits you with a +1 heavy flail.
* * * LOW HITPOINT WARNING * * *
You feel better.
You closely miss Edmund.
Edmund is almost dead.
Edmund hits you with a +1 heavy flail.
* * * LOW HITPOINT WARNING * * *
You closely miss Edmund.
Edmund is almost dead.
Edmund hits you but does no damage.
You feel better. Edmund hits you with a +1 heavy flail!
* * * LOW HITPOINT WARNING * * *
It was a potion of magic.
Magic courses through your body.
It was a potion of flight.
You feel very buoyant.
You fly up into the air.
Edmund hits you with a +1 heavy flail.
* * * LOW HITPOINT WARNING * * *
It was a potion of attraction.
You feel attractive to monsters. Edmund hits you with a +1 heavy flail!
* * * LOW HITPOINT WARNING * * *
It was a potion of haste.
You feel yourself speed up.
You barely miss Edmund. Your bite misses Edmund.
Edmund is almost dead.
Edmund hits you with a +1 heavy flail!
You die...

#####.. #.# #..
#.# #.# #.#
####+#### #.#
#.# #.......#
#.# #.#
#.....).# #.#
#.# #.......#
#.# #@#
#.......# #.#
#@# #.......# #
#.# #.......# .
##.####.......#
#
#.............#
######.##....##
#.###'### #.#
#.# #.# #.# #.#
#.#


You could see Edmund.

Vanquished Creatures
  A black bear (D:5)
  An ogre (D:5)
  A centaur (D:5)
  A crimson imp (D:3)
  2 hounds
  3 jellies
  2 iguanas (D:4)
  An orc wizard (D:4)
  2 adders (D:2)
  2 white imps (D:5)
  4 dart slugs
  3 worms
  10 orcs
  4 endoplasms
  7 giant cockroaches
  4 goblins
  6 hobgoblins
  3 jackals (D:3)
  2 kobolds
  3 quokkas (D:1)
  6 ball pythons
  8 bats
  3 frilled lizards
  2 rats
81 creatures vanquished.

Notes
Turn   | Place    | Note
-------+----------+-------------------------------------------
     0 | D:1      | Reached skill level 10 in Dodging
     0 | D:1      | PLAYERX the Gnoll Wanderer began the quest for the Orb.
     0 | D:1      | PLAYERX set off with the following items: a +0
                  | quarterstaff, 2 throwing nets, a +0 leather armour, a
                  | scroll of vulnerability, a potion of heal wounds.
     0 | D:1      | Reached XP level 1. HP: 17/17 MP: 1/1
   122 | D:1      | Reached XP level 2. HP: 21/23 MP: 2/2
   494 | D:1      | Found Tiph's Magic Scroll Shop.
   612 | D:1      | Found a faded altar of an unknown god.
   642 | D:1      | Reached XP level 3. HP: 26/28 MP: 3/3
   905 | D:2      | Reached skill level 1 in Invocations
  1147 | D:2      | Reached skill level 1 in Short Blades
  1147 | D:2      | Reached skill level 1 in Long Blades
  1147 | D:2      | Reached skill level 1 in Axes
  1147 | D:2      | Reached skill level 1 in Maces & Flails
  1147 | D:2      | Reached skill level 1 in Polearms
  1147 | D:2      | Reached skill level 1 in Ranged Weapons
  1147 | D:2      | Reached skill level 1 in Throwing
  1147 | D:2      | Reached skill level 1 in Stealth
  1147 | D:2      | Reached skill level 1 in Shields
  1147 | D:2      | Reached skill level 1 in Unarmed Combat
  1147 | D:2      | Reached skill level 1 in Spellcasting
  1356 | D:2      | Reached XP level 4. HP: 22/34 MP: 3/5
  2239 | D:3      | Reached skill level 1 in Conjurations
  2239 | D:3      | Reached skill level 1 in Hexes
  2239 | D:3      | Reached skill level 1 in Summonings
  2239 | D:3      | Reached skill level 1 in Necromancy
  2239 | D:3      | Reached skill level 1 in Translocations
  2239 | D:3      | Reached skill level 1 in Transmutations
  2239 | D:3      | Reached skill level 1 in Fire Magic
  2239 | D:3      | Reached skill level 1 in Ice Magic
  2239 | D:3      | Reached skill level 1 in Air Magic
  2239 | D:3      | Reached skill level 1 in Earth Magic
  2239 | D:3      | Reached skill level 1 in Poison Magic
  2501 | D:3      | Found a burning altar of Makhleb.
  2502 | D:3      | Found a radiant altar of Vehumet.
  2658 | D:3      | Reached XP level 5. HP: 40/40 MP: 5/7
  2852 | D:3      | Upgraded the game from 0.30-a0-778-g2ef04afb54 to
                  | 0.30-a0-779-g7971cf19c3
  3078 | D:4      | Found an ornate altar of the Wu Jian Council.
  3092 | D:4      | Reached XP level 6. HP: 40/47 MP: 4/8
  3253 | D:4      | Found a hide-covered altar of Uskayaw.
  3733 | D:4      | Reached skill level 5 in Staves
  3761 | D:4      | Found an opulent altar of Gozag.
  3938 | D:5      | Entered Level 5 of the Dungeon
  4567 | D:5      | Reached XP level 7. HP: 24/52 MP: 4/10
  5248 | D:5      | Noticed Edmund
  5272 | D:5      | HP: 1/53 [Edmund/+1 heavy flail (4)]
  5279 | D:5      | HP: 2/53 [Edmund/+1 heavy flail (3)]
  5281 | D:5      | Mangled by Edmund

Illustrated notes

Levels and vault maps discovered:
D:1:      matt_arrival_refuge, layout_basic, serial_shops, nicolae_square_shop,
          ebering_ecumenical_altar_box
D:2:      layout_basic, serial_corexii_hall, chequers_hall_statues_y,
          corexii_hall_statues_x, chequers_hall_statues_y,
          corexii_hall_statues_l, grunt_decor_fettered, minivault_25
D:3:      layout_basic, grunt_temple_overflow_lords_of_destruction
D:4:      layout_loops_ring, marbit_many_paths, nicolae_uskayaw_suspiria,
          nicolae_wu_jian_immortal_techniques, minmay_misc_feat_roman
D:5:      layout_basic, uniq_edmund

Skill      XL: |  1  2  3  4  5  6  7 |
---------------+----------------------+-----
Dodging        | | 10.8
Invocations    | 1 2 |  2.9
Short Blades   | 1 2 |  2.6
Long Blades    | 1 2 |  2.6
Axes           | 1 2 |  2.6
Maces & Flails | 1 2 |  2.6
Polearms       | 1 2 |  2.6
Ranged Weapons | 1 2 |  2.6
Throwing       | 1 2 |  2.6
Stealth        | 1 2 |  2.6
Shields        | 1 2 |  2.6
Unarmed Combat | 1 2 |  2.6
Spellcasting   | 1 2 |  2.6
Conjurations   | 1 2 |  2.1
Hexes          | 1 2 |  2.1
Summonings     | 1 2 |  2.1
Necromancy     | 1 2 |  2.1
Translocations | 1 2 |  2.1
Transmutations | 1 2 |  2.1
Fire Magic     | 1 2 |  2.1
Ice Magic      | 1 2 |  2.1
Air Magic      | 1 2 |  2.1
Earth Magic    | 1 2 |  2.1
Poison Magic   | 1 2 |  2.1
Fighting       | 3 |  3.7
Armour         | 3 |  3.7
Evocations     | 3 |  3.7
Staves         | 5 |  5.3

Action                     |  1- 3 |  4- 6 |  7- 9 || total
---------------------------+-------+-------+-------++-------
  Melee: Quarterstaff      |   133 |    38 |       ||   171
         Bite              |     5 |    35 |     8 ||    48
         Spear             |       |   291 |       ||   291
         Punch             |       |     5 |     1 ||     6
         Trident           |       |    32 |    53 ||    85
  Throw: Throwing net      |       |     2 |     1 ||     3
    Use: Scroll            |       |    13 |       ||    13
         Potion            |       |     1 |     6 ||     7
   Stab: Sleeping          |       |     3 |       ||     3
         Distracted        |       |     2 |       ||     2
         Held in net/web   |       |       |     1 ||     1
 Armour: Ring mail         |    49 |   127 |    15 ||   191
  Dodge: Dodged            |   126 |   241 |    41 ||   408

Table legend: (Time is in decaauts)
 A = Elapsed time spent in this place.
 B = Non-inter-level travel time spent in this place.
 C = Inter-level travel time spent in this place.
 D = Time resting spent in this place.
 E = Time spent auto-exploring this place.
 F = Levels seen in this place.
 G = Mean time per level.
                   A        B        C        D        E       F      G
               +--------+--------+--------+--------+--------+-----+--------+
         Total |   5312 |   5281 |     31 |    645 |   3113 |   5 | 1062.4 |
       Dungeon |   5312 |   5281 |     31 |    645 |   3113 |   5 | 1062.4 |
               +--------+--------+--------+--------+--------+-----+--------+

Top non-repeatable levels by time:
     D:4: 1319 daAuts
     D:2: 1229 daAuts
     D:5: 1123 daAuts
     D:1: 865 daAuts
     D:3: 775 daAuts
